 Dungeon Crawl Stone Soup version 0.19.0-16-g73b5abf (webtiles) character file.

124 Haldmier the Conjurer (level 4, -1/27 HPs)
             Began as a High Elf Wizard on Nov 10, 2016.
             Slain by a gnoll (4 damage)
             ... on level 3 of the Dungeon.
             The game lasted 00:12:49 (2364 turns).

Haldmier the Conjurer (High Elf Wizard)             Turns: 2364, Time: 00:12:50

Health: -1/27      AC:  3    Str:  7    XL:     4   Next: 81%
Magic:  2/10       EV: 12    Int: 22    God:
Gold:   58         SH:  0    Dex: 13    Spells: 4 memorised, 1 level left

rFire  . . .     SeeInvis .     i - +0 spear
rCold  . . .     Gourm    .     a - +0 robe
rNeg   . . .     Faith    .     (no shield)
rPois  .         Spirit   .     b - +0 hat
rElec  .         Reflect  .     (no cloak)
rCorr  .         Harm     .     l - +0 pair of gloves
MR     .....                    (no boots)
Stlth  +.........               (no amulet)
                                (no ring)
                                (no ring)

@: very slightly contaminated
A: no striking features
a: no special abilities


You were on level 3 of the Dungeon.
You were hungry.

You visited 1 branch of the dungeon, and saw 3 of its levels.
You also visited: Sewer.

You collected 58 gold pieces.

Inventory:

Hand Weapons
 f - a +0 short sword
 i - a +0 spear (weapon)
 t - a +0 long sword
Armour
 a - a +0 robe (worn)
 b - a +0 hat (worn)
 l - a +0 pair of gloves (worn)
 m - a +0 ring mail
Jewellery
 h - an uncursed ring of magical power {unknown}
 k - a +2 amulet of reflection {unknown}
Scrolls
 j - a scroll of recharging {unknown}
 p - a scroll of magic mapping {unknown}
 q - a scroll of enchant weapon {unknown}
 r - a scroll of identify {unknown}
 s - a scroll of teleportation {unknown}
 v - a scroll of blinking {unknown}
Potions
 e - a potion of magic
 n - a potion of haste {unknown}
 o - 2 potions of ambrosia {unknown}
Books
 c - a book of Minor Magic

   Spells                             Type                      Level
   a - Magic Dart                     Conjuration                  1
   b - Blink                          Translocation                2
   c - Call Imp                       Summoning                    2
   d - Repel Missiles                 Charms/Air                   2
   e - Slow                           Hexes                        2
   f - Conjure Flame                  Conjuration/Fire             3
   g - Mephitic Cloud                 Conjuration/Poison/Air       3
Comestibles
 d - 2 bread rations
 g - a beef jerky
 u - a chunk of flesh


   Skills:
 - Level 2.1 Dodging
 - Level 2.1 Stealth
 - Level 3.6 Spellcasting
 * Level 4.1 Conjurations
   Level 0.8 Summonings
 - Level 1.1 Translocations
 + Level 1.3 Fire Magic
 + Level 1.7 Air Magic
 + Level 0.8 Poison Magic


You had one spell level left.
You knew the following spells:

 Your Spells              Type           Power        Failure   Level  Hunger
a - Magic Dart            Conj           ###.         1%          1    None
b - Blink                 Tloc           N/A          12%         2    ##.....
c - Mephitic Cloud        Conj/Pois/Air  ##......     14%         3    ###....
d - Conjure Flame         Conj/Fire      ###.....     12%         3    ###....


Dungeon Overview and Level Annotations

Branches:
Dungeon (3/15)

Altars:
Xom


Message History

The gnoll is heavily wounded.
The gnoll is engulfed in noxious fumes.
The gnoll appears confused.
Casting: Mephitic Cloud
Confirm with . or Enter, or press ? or * to list all spells.
Aiming: Mephitic Cloud
Press: ? - help, Shift-Dir - straight line, p - gnoll You miscast Mephitic Cloud.
You are very lightly contaminated with residual magic.
Nothing appears to happen.
Casting: Mephitic Cloud
Confirm with . or Enter, or press ? or * to list all spells.
Aiming: Mephitic Cloud
Press: ? - help, Shift-Dir - straight line, f - gnoll
Aim: a gnoll, wielding a spear The ball explodes into a vile cloud!
The stinking cloud engulfs the gnoll.
You hit the gnoll.
The gnoll is heavily wounded.
The gnoll is engulfed in noxious fumes.
The gnoll appears confused.
The gnoll hits you.
You die...

#.###.........####
+................. . .
#................. ≈≈
..... #.................
[.... #.................
....###.................
##......................
.#...#####....###........
.....#≈g@#....# #........
#....#≈§§#....# #........
....r#§§§#....# #........
.....#§≈g#...## #########
.....#≈≈≈#...#
#....##'##...#
...........###
......###### ......


You could see 2 gnolls and a rat.

Vanquished Creatures
  The ghost of Mlkhall the Magician, a weakling DEWz (D:3)
  3 adders
  A gnoll (D:3)
  2 dart slugs
  5 bats
  7 giant cockroaches
  6 goblins
  5 hobgoblins
  14 kobolds
  A quokka (D:2)
  A ball python (D:3)
  A frilled lizard (Sewer)
  5 rats
52 creatures vanquished.

Notes
Turn   | Place    | Note
-------+----------+-------------------------------------------
     0 | D:1      | Haldmier the High Elf Wizard began the quest for the Orb.
     0 | D:1      | Reached XP level 1. HP: 11/11 MP: 6/6
   151 | D:1      | Reached skill level 2 in Conjurations
   182 | D:1      | Reached XP level 2. HP: 17/17 MP: 1/7
   786 | D:1      | Reached skill level 3 in Conjurations
  1064 | D:1      | Reached XP level 3. HP: 21/21 MP: 6/9
  1149 | D:1      | Learned a level 2 spell: Blink
  1153 | D:1      | Learned a level 3 spell: Mephitic Cloud
  1157 | D:1      | Learned a level 3 spell: Conjure Flame
  1588 | D:2      | Found a shimmering altar of Xom.
  1588 | D:2      | Found a shimmering altar of Xom.
  1588 | D:2      | Found a shimmering altar of Xom.
  1588 | D:2      | Found a shimmering altar of Xom.
  1590 | D:2      | Found a shimmering altar of Xom.
  1769 | D:2      | You fall through a shaft!
  1824 | D:3      | Noticed Mlkhall's ghost (weakling DEWz)
  1895 | D:3      | Killed Mlkhall's ghost
  1895 | D:3      | Reached skill level 1 in Fire Magic
  1895 | D:3      | Reached skill level 1 in Air Magic
  1895 | D:3      | Reached XP level 4. HP: 25/27 MP: 0/10
  2017 | D:3      | Found a glowing drain.
  2037 | D:3      | Reached skill level 4 in Conjurations
  2135 | Sewer    | Entered a sewer
  2319 | Sewer    | Noticed a big kobold
  2343 | Sewer    | HP: 1/27 [kobold/whip (6)]
  2364 | D:3      | Slain by a gnoll

Skill      XL: |  1  2  3  4 |
---------------+-------------+-----
Conjurations   | 2 3 4 |  4.1
Fire Magic     | 1 |  1.3
Air Magic      | 1 |  1.7
Dodging        | |  2.1
Stealth        | |  2.1
Spellcasting   | |  3.6
Summonings     | |  0.8
Translocations | |  1.1
Poison Magic   | |  0.8

Action                   |  1- 3 |  4- 6 || total
-------------------------+-------+-------++-------
Melee: Short sword       |    10 |    34 ||    44
       Unarmed           |     2 |       ||     2
       Spear             |       |     5 ||     5
 Cast: Magic Dart        |    89 |    16 ||   105
       Conjure Flame     |     1 |     1 ||     2
       Mephitic Cloud    |       |     4 ||     4
       Blink             |       |     2 ||     2
  Use: Potion            |       |     1 ||     1
 Stab: Confused          |       |     1 ||     1
  Eat: Chunk             |     2 |     2 ||     4
Armor: Robe              |     3 |     9 ||    12
Dodge: Dodged            |    20 |    34 ||    54
